 Dungeon Crawl Stone Soup version 0.31-a0-986-g5e6e4ef867 (webtiles) character file.

Game seed: 15007369183007892245

4704 AppTheSpectato the Thaumaturge (level 10, -1/75 HPs)
             Began as a Deep Elf Summoner on Nov 10, 2023.
             Was a Believer of Elyvilon.
             Killed by an exploding themself (34 damage)
             ... ignited by their inner flame
             ... in a bailey on Nov 13, 2023.
             The game lasted 00:42:15 (9366 turns).

AppTheSpectato the Thaumaturge (Deep Elf Summoner)  Turns: 9366, Time: 00:42:15

Health: -1/75      AC: 25    Str:  5    XL:     10   Next: 21%
Magic:  22/29      EV:  2    Int: 25    God:    Elyvilon [**....]
Gold:   447        SH:  0    Dex: 15    Spells: 25/35 levels left

rFire   . . .        u - +5 dire flail (protect)
rCold   . . .        (shield currently unavailable)
rNeg    . . .        a - melded +0 robe
rPois   +            s - melded +0 helmet
rElec   .            t - melded scarf {rC+ rF+}
rCorr   +            (gloves currently unavailable)
SInv    .            (boots currently unavailable)
Will    +....        (no amulet)
Stlth   ++           c - ring of wizardry
HPRegen 0.32/turn    h - ring of resist corrosion
MPRegen 0.21/turn

%: wizardry (x1)
@: tree-form, very slow
A: stationary, stasis, torment immunity, boosted hp
a: Renounce Religion, Purification, Heal Other


You were in a bailey.
You worshipped Elyvilon.
Elyvilon was pleased with you.
You were a tree.
You visited 2 branches of the dungeon, and saw 9 of its levels.
You also visited: Bailey.

You collected 447 gold pieces.

Inventory:

Hand Weapons
 u - a +5 dire flail of protection (weapon)
Armour
 a - a +0 robe (melded)
 o - the +6 acid dragon scales "Kuhy" {Fly rN+ rCorr Dex+3}
   (You found it on level 3 of the Dungeon)

   Dex+3:     It affects your dexterity (+3).
   rN+:       It protects you from negative energy.
   Fly:       It grants you flight.
   rCorr:     It protects you from acid and corrosion.
 r - a scarf of invisibility
 s - a +0 helmet (melded)
 t - a scarf of resistance (melded)
Jewellery
 c - a ring of wizardry (left branch)
 h - a ring of resist corrosion (right branch)
 p - a +5 ring of evasion
 C - an amulet of guardian spirit
Wands
 q - a wand of iceblast (6)
 E - a wand of flame (6)
 F - a wand of mindburst (17)
Scrolls
 d - a scroll of poison {unknown}
 g - a scroll of amnesia
 k - a scroll of teleportation {unknown}
 m - a scroll of silence {unknown}
 n - a scroll of vulnerability {unknown}
 w - a scroll of enchant weapon {unknown}
 y - a scroll of summoning {unknown}
 A - a scroll of fear {unknown}
 B - 3 scrolls of enchant armour {unknown}
 D - a scroll of brand weapon {unknown}
Potions
 b - 2 potions of magic
 e - a potion of curing
 f - a potion of lignification
 i - 2 potions of degeneration
 j - 2 potions of attraction {unknown}
 l - a potion of mutation {unknown}
 v - a potion of haste {unknown}
 z - a potion of resistance {unknown}


   Skills:
 - Level 2.4 Dodging
 - Level 2.5 Stealth
 - Level 13.0 Spellcasting
 - Level 2.0 Hexes
 - Level 10.0 Summonings
 + Level 2.4 Ice Magic
 - Level 7.3 Air Magic


You had 25 spell levels left.
You knew the following spells:

 Your Spells              Type           Power      Damage    Failure   Level
b - Call Canine Familiar  Summ           60%        N/A       1%          3
c - Summon Guardian Gole  Hex/Summ       46%        N/A       1%          3
d - Summon Lightning Spi  Summ/Air       56%        N/A       1%          4

Your spell library contained the following spells:

 Spells                   Type           Power      Damage    Failure   Level
 Apportation              Tloc           32%        N/A       1%          1
 Freeze                   Ice            100%       1d10      1%          1
 Magic Dart               Conj           64%        1d6       1%          1
 Summon Small Mammal      Summ           100%       N/A       1%          1
 Call Imp                 Summ           100%       N/A       1%          2
 Jinxbite                 Hex            52%        N/A       1%          2
 Frozen Ramparts          Ice            56%        1d9       1%          3
 Searing Ray              Conj           32%        2d5       2%          2
 Hailstorm                Conj/Ice       22%        3d7       2%          3
 Inner Flame              Hex/Fire       21%        N/A       2%          3
 Fulminant Prism          Conj/Hex       10%        3d9       10%         4
 Flame Wave               Conj/Fire      16%        2d7       14%         4
 Olgreb's Toxic Radiance  Pois           16%        N/A       14%         4
 Sticky Flame             Conj/Fire      16%        2d4       14%         4
 Alistair's Intoxication  Tmut/Pois      10%        N/A       36%         5
 Simulacrum               Ice/Necr       11%        N/A       77%         6
 Ozocubu's Refrigeration  Ice            14%        4d10      98%         7
 Discord                  Hex            13%        N/A       100%        8
 Ignition                 Fire           8%         3d5       100%        8
 Polar Vortex             Ice            14%        12d1*     100%        9


Dungeon Overview and Level Annotations

Branches:
Dungeon (8/15)             Temple (1/1) D:4          Bailey (1/1)
   Lair: D:8-11

Altars:
Ashenzari
Cheibriados
Dithmenos
Elyvilon
Fedhas
Gozag
Hepliaklqana
Kikubaaqudgha
Makhleb
Nemelex Xobeh
Okawaru
Qazlal
Ru
Sif Muna
Trog
Uskayaw
Wu Jian
Xom
Yredelemnul
Zin
The Shining One

Shops:
D:3 [

Annotations:
D:3 Terence


Message History

Your warg misses the orc warrior. The orc warrior barely misses you.
The orc warrior hits your warg with a +0 war axe!
The electric eel shoots out a bolt of lightning at you!
The bolt of electricity hits your guardian golem.
Your guardian golem resists.
The bolt of electricity hits you. The bolt of electricity hits your warg!
You puncture the orc warrior!
The orc warrior is heavily wounded.
Your guardian golem overheats!
The orc warrior hits you but does no damage.
The electric eel shoots out a bolt of lightning at you!
The bolt of electricity hits your guardian golem.
Your guardian golem resists.
Flame seeps out of your guardian golem. The bolt of electricity hits you!
You closely miss the orc warrior.
The orc warrior is heavily wounded.
Your warg closely misses the electric eel.
Your guardian golem is engulfed in blazing flames.
Flame seeps out of your guardian golem.
The orc warrior hits you with a +0 war axe.
Your warg misses the electric eel. You barely miss the orc warrior.
The orc warrior is heavily wounded.
Your guardian golem is engulfed in blazing flames.
Flame seeps out of your guardian golem.
The orc warrior hits you but does no damage.
Your warg bites the electric eel!
The electric eel shoots out a bolt of lightning at your warg!
The bolt of electricity hits your warg! Flame seeps out of your guardian golem.
The orc warrior hits you but does no damage.
You closely miss the orc warrior.
The orc warrior is heavily wounded.
You are engulfed in a cloud of scalding steam.
Your warg barely misses the electric eel.
The electric eel shoots out a bolt of lightning at your warg!
The bolt of electricity hits your warg!
Your guardian golem disappears in a puff of smoke!
Your guardian golem explodes!
The fiery explosion engulfs you!!
You die...

###################
≈≈≈≈≈≈≈≈≈≈≈≈≈≈≈≈≈≈≈
≈≈≈≈≈≈≈≈≈≈≈≈≈≈≈≈≈≈≈
≈≈≈≈≈≈≈≈≈≈≈≈≈≈≈≈≈≈≈
≈≈≈≈≈≈≈≈≈≈≈≈≈≈≈≈≈≈≈
≈≈≈≈≈≈≈≈≈§§§≈≈≈≈≈≈≈
#~~~~~~~~♣§S######
≈≈≈≈
......∩.o§h§...'.#
≈≈≈≈
######)######..###
≈≈≈≈≈ #..
#.[[#....# ≈≈≈≈≈
#..
#.[[#.)..#≈≈≈≈≈≈
#8.
###+##)#'#≈≈≈≈≈≈
#.. #.)#.~≈≈≈≈≈≈
#8. #..#.~≈≈≈≈≈≈
#.. #..#.~≈≈≈≈≈≈


You could see an orc warrior, an electric eel (distracted, ally target) and a
friendly warg (summoned, sheltered).

Vanquished Creatures
  2 hound zombies (D:7)
  A goblin (D:3)
  A hobgoblin (D:3)
  A jackal (D:2)
  A rat (D:1)
6 creatures vanquished.

Vanquished Creatures (collateral kills)
  Grinder (D:3)
  3 yaks (D:8)
  Eustachio (D:4)
  Menkaure (D:4)
  A steam dragon (D:8)
  A sky beast (D:7)
  An ice beast (D:6)
  5 orc warriors
  An elephant zombie (D:7)
  2 ogres
  A centaur (D:7)
  An elf zombie (D:7)
  A kobold brigand (D:8)
  Blork the orc (D:4)
  2 scorpions
  Dowan (D:6)
  3 howler monkeys (D:8)
  A centaur zombie (D:7)
  A hound (D:5)
  3 orc priests
  2 jellies
  A human zombie (D:7)
  3 scorpion zombies (D:7)
  A sleepcap (D:4)
  An orc wizard (D:5)
  2 killer bee zombies (D:7)
  4 hound zombies (D:7)
  Robin (D:3)
  16 gnolls
  7 adders
  2 white imps
  2 worms (D:2)
  2 dart slugs
  22 orcs
  4 ball pythons
  6 endoplasms
  4 giant cockroaches
  13 goblins
  5 hobgoblins
  2 jackals (D:2)
  5 quokkas
  4 bats
  2 frilled lizards
  10 kobolds
  2 rats
155 creatures vanquished.

Vanquished Creatures (others)
  A kobold demonologist (Bailey)
  3 yaks (D:8)
  Edmund (D:4)
  Duvessa (D:6)
  3 orc warriors
  2 jellies (D:5)
  2 iguanas
  An orc wizard (D:8)
  3 gnolls
  An orc (D:8)
  A goblin (Bailey)
19 creatures vanquished.

Grand Total: 180 creatures vanquished

Notes
Turn   | Place    | Note
-------+----------+-------------------------------------------
     0 | D:1      | AppTheSpectato the Deep Elf Summoner began the quest for
                  | the Orb.
     0 | D:1      | Reached XP level 1. HP: 10/10 MP: 6/6
   418 | D:1      | Reached XP level 2. HP: 14/15 MP: 5/8
  1216 | D:2      | Reached skill level 4 in Spellcasting
  1216 | D:2      | Reached XP level 3. HP: 15/19 MP: 7/10
  1220 | D:2      | Learned a level 3 spell: Call Canine Familiar
  1224 | D:2      | Learned a level 3 spell: Summon Guardian Golem
  1259 | D:2      | Reached skill level 5 in Summonings
  1518 | D:2      | Reached skill level 1 in Hexes
  2273 | D:3      | Reached XP level 4. HP: 24/24 MP: 4/12
  2384 | D:3      | Noticed Terence
  2613 | D:3      | Identified the +6 acid dragon scales "Kuhy" {Fly rN+ rCorr
                  | Dex+3}
  2685 | D:3      | Found a sacrificial altar of Ru.
  2891 | D:3      | Found Lauriuq's Armour Shoppe.
  3086 | D:3      | Noticed Robin
  3100 | D:3      | Killed Robin
  3248 | D:3      | Noticed Grinder
  3286 | D:3      | Killed Grinder
  3287 | D:3      | Reached skill level 6 in Spellcasting
  3287 | D:3      | Reached XP level 5. HP: 22/28 MP: 2/15
  3287 | D:3      | Reached XP level 6. HP: 25/32 MP: 2/17
  3415 | D:4      | Noticed Edmund
  3431 | D:4      | Killed Edmund
  3432 | D:4      | Reached skill level 1 in Ice Magic
  3833 | D:4      | Noticed Menkaure
  3850 | D:4      | Killed Menkaure
  3851 | D:4      | Reached skill level 7 in Spellcasting
  3851 | D:4      | Reached XP level 7. HP: 13/36 MP: 9/19
  4431 | D:4      | Found a staircase to the Ecumenical Temple.
  4436 | Temple   | Entered the Ecumenical Temple
  4551 | Temple   | Became a worshipper of Elyvilon the Healer
  4609 | D:4      | Noticed Eustachio
  4651 | D:4      | Killed Eustachio
  4652 | D:4      | Reached skill level 1 in Air Magic
  4712 | D:4      | Learned a level 4 spell: Summon Lightning Spire
  4771 | D:4      | Noticed Blork the orc
  4775 | D:4      | Killed Blork the orc
  4824 | D:4      | Reached skill level 8 in Spellcasting
  5104 | D:5      | Entered Level 5 of the Dungeon
  5256 | D:5      | Reached XP level 8. HP: 14/41 MP: 16/22
  5767 | D:5      | Reached skill level 9 in Spellcasting
  6424 | D:5      | Reached * piety under Elyvilon
  7077 | D:6      | Noticed Duvessa
  7077 | D:6      | Noticed Dowan
  7086 | D:6      | Killed Dowan
  7092 | D:6      | Killed Duvessa
  7583 | D:7      | HP: 1/61 [something (6)]
  7600 | D:7      | Reached skill level 10 in Spellcasting
  7600 | D:7      | Reached XP level 9. HP: 18/45 MP: 14/25
  7604 | D:7      | Reached skill level 5 in Air Magic
  7903 | D:7      | Reached ** piety under Elyvilon
  7916 | D:7      | Found an ancient bone altar of Kikubaaqudgha.
  8709 | D:8      | Reached skill level 10 in Summonings
  8728 | D:8      | Reached skill level 11 in Spellcasting
  8951 | D:8      | Found a flagged portal.
  8958 | Bailey   | Entered a bailey
  9005 | Bailey   | Reached XP level 10. HP: 50/50 MP: 22/27
  9026 | Bailey   | Reached skill level 12 in Spellcasting
  9340 | Bailey   | Identified the +4 sling of Summertime {freeze, rC++ Dex-3}
  9350 | Bailey   | Reached skill level 13 in Spellcasting
  9366 | Bailey   | Killed by an exploding themself... ignited by their inner
                  | flame

Illustrated notes

Levels and vault maps discovered:
D:1:      evilmike_arrival_plus, layout_loops_ring, minmay_tripent
D:2:      layout_basic, minmay_split_cup_large
D:3:      layout_loops_cross, nicolae_ru_sacrificial_ziggurat, serial_shops,
          shop, uniq_grinder, uniq_terence, uniq_robin
D:4:      layout_loops_corners, minmay_temple_entry_glassed_door, uniq_edmund,
          uniq_eustachio, uniq_blork_the_orc, uniq_menkaure
D:5:      layout_basic, grunt_ministairs_12
D:6:      layout_basic, uniq_pikel, uniq_duvessa
D:7:      layout_rooms, roadster_capsule_ark_zombie
D:8:      layout_loops_ring, lightli_bailey_entry_fortress, uniq_gastronok
Temple:   nicolae_temple_bog_church
Bailey:   bailey_axe_of_yendor_kennysheep, bailey

Skill      XL: |  1  2  3  4  5  6  7  8  9 10 |
---------------+-------------------------------+-----
Spellcasting   | 4 6 7 8 10 11 13 | 13.0
Summonings     | 5 6 7 9 10 | 10.0
Hexes          | 1 2 |  2.0
Ice Magic      | 2 |  2.4
Air Magic      | 2 4 7 |  7.3
Dodging        | |  2.4
Stealth        | |  2.5

Action                     |  1- 3 |  4- 6 |  7- 9 | 10-12 || total
---------------------------+-------+-------+-------+-------++-------
  Melee: Unarmed           |     6 |       |       |       ||     6
         Hand axe          |     7 |       |       |       ||     7
         Short sword       |       |     4 |       |       ||     4
         Dire flail        |       |       |    35 |     5 ||    40
   Cast: Summon Small Mamm |    77 |    24 |    10 |       ||   111
         Call Canine Famil |    12 |    17 |    57 |     6 ||    92
         Summon Guardian G |     1 |     8 |    42 |     4 ||    55
         Summon Lightning  |       |       |    14 |     5 ||    19
    Use: Scroll            |       |       |     4 |       ||     4
         Potion            |       |       |     3 |     3 ||     6
   Stab: Sleeping          |       |       |     1 |       ||     1
 Armour: Robe              |    28 |     7 |    67 |     9 ||   111
         Skin              |       |       |     8 |    13 ||    21
  Dodge: Dodged            |    20 |     7 |    73 |     4 ||   104

Table legend: (Time is in decaauts)
 A = Elapsed time spent in this place.
 B = Non-inter-level travel time spent in this place.
 C = Inter-level travel time spent in this place.
 D = Time resting spent in this place.
 E = Time spent auto-exploring this place.
 F = Levels seen in this place.
 G = Mean time per level.
                   A        B        C        D        E       F      G
               +--------+--------+--------+--------+--------+-----+--------+
         Total |   9391 |   8826 |    565 |    865 |   5631 |  10 |  939.1 |
       Dungeon |   8809 |   8377 |    432 |    691 |   5631 |   8 | 1101.1 |
        Temple |    164 |     31 |    133 |      0 |      0 |   1 |  164.0 |
        Bailey |    417 |    417 |      0 |    174 |      0 |   1 |  417.0 |
               +--------+--------+--------+--------+--------+-----+--------+

Top non-repeatable levels by time:
     D:4: 1734 daAuts
     D:5: 1651 daAuts
     D:2: 1381 daAuts
     D:3: 1099 daAuts
     D:7: 939 daAuts
     D:1: 929 daAuts
     D:6: 565 daAuts
     D:8: 508 daAuts
  Bailey: 417 daAuts
  Temple: 164 daAuts
